| TOP OF THE 1ST |
|
Philadelphia Phillies batting - Pitching for Cincinnati Reds : RHP Timmy John Aaron-Lee Frank Silveira
|
|
Pitching: RHP Timmy John Aaron-Lee Frank Silveira
|
|
|
Batting: RHB Mark Schultz
|
0-0: DOUBLE (Flyball, 8LXD, EV 98.8 MPH)
|
|
Batting: LHB Osamu Kubo
|
0-0: Ball 1-0: Ball Wild Pitch! Mark Schultz to third 2-0: Swinging Strike 2-1: Fly out, F8 (Flyball, 8RM, EV 89.4 MPH)
|
|
Batting: SHB Lance Franklin
|
0-0: Ball 1-0: 2-RUN HOME RUN (Flyball, 78XD, EV 115.0 MPH), Distance : 457 ft
|
|
Batting: LHB Brad Turner
|
0-0: Foul Ball, location: 2F 0-1: Ball 1-1: Fly out, F8 (Flyball, 78S, EV 79.4 MPH)
|
|
Batting: LHB Ryan Trombley
|
0-0: Ball 1-0: Ball 2-0: Ball 3-0: Called Strike 3-1: Swinging Strike 3-2: Ground out 6-3 (Groundball, 6, EV 81.2 MPH)
|
| Top of the 1st over - 2 runs, 2 hits, 0 errors, 0 left on base; Philadelphia 2 - Cincinnati 0 |
| BOTTOM OF THE 1ST |
|
Cincinnati Reds batting - Pitching for Philadelphia Phillies : RHP Matt Evans
|
|
Pitching: RHP Matt Evans
|
|
|
Batting: RHB Willie Lazcano
|
0-0: Foul Ball, location: 2F 0-1: Called Strike 0-2: SINGLE (Groundball, 6MS, EV 85.0 MPH) (infield hit)
|
|
Batting: RHB Steve Castleberry
|
0-0: Ball Willie Lazcano is caught stealing 2nd base 2-4 1-0: Foul Ball, location: 2F 1-1: Foul Ball, location: 2F 1-2: Foul Ball, location: 2F 1-2: Ball 2-2: Ground out 4-3 (Groundball, 4, EV 81.9 MPH)
|
|
Batting: LHB Chris Grunwald
|
0-0: Swinging Strike 0-1: Called Strike 0-2: Ball 1-2: Ball 2-2: Fly out, F8 (Flyball, 78S, EV 82.5 MPH)
|
| Bottom of the 1st over - 0 runs, 1 hit, 0 errors, 0 left on base; Philadelphia 2 - Cincinnati 0 |
| TOP OF THE 2ND |
|
Philadelphia Phillies batting - Pitching for Cincinnati Reds : RHP Timmy John Aaron-Lee Frank Silveira
|
|
Batting: LHB Jose Carlos
|
0-0: Ball 1-0: Swinging Strike 1-1: Ball 2-1: Foul Ball, location: 2F 2-2: Strikes out swinging
|
|
Batting: RHB Josh Hensley
|
0-0: Foul Ball, location: 2F 0-1: Ball 1-1: Ball 2-1: Swinging Strike 2-2: Foul Ball, location: 2F 2-2: SINGLE (Line Drive, 78S, EV 93.8 MPH)
|
|
Batting: SHB Phuck II
|
0-0: Called Strike 0-1: 2-RUN HOME RUN (Flyball, 89XD, EV 107.5 MPH), Distance : 411 ft
|
|
Batting: LHB Cody Schumacher
|
0-0: Swinging Strike 0-1: Foul Ball, location: 2F 0-2: Foul Ball, location: 2F 0-2: Strikes out swinging
|
|
Batting: RHB Mark Schultz
|
0-0: Ball 1-0: Ball 2-0: Ball 3-0: Base on Balls
|
|
Batting: LHB Osamu Kubo
|
0-0: Called Strike 0-1: Ball 1-1: Ball 2-1: Foul Ball, location: 2F 2-2: Ball 3-2: Strikes out swinging
|
| Top of the 2nd over - 2 runs, 2 hits, 0 errors, 1 left on base; Philadelphia 4 - Cincinnati 0 |
| BOTTOM OF THE 2ND |
|
Cincinnati Reds batting - Pitching for Philadelphia Phillies : RHP Matt Evans
|
|
Batting: SHB Dave Barefoot
|
0-0: Ground out 4-3 (Groundball, 4, EV 80.0 MPH)
|
|
Batting: SHB Saulo Maina
|
0-0: Ground out 3-1 (Groundball, 34S, EV 83.8 MPH)
|
|
Batting: RHB Fred Slade
|
0-0: Called Strike 0-1: Swinging Strike 0-2: Ground out 1-5-3 (Groundball, 15S, EV 105.6 MPH)
|
| Bottom of the 2nd over - 0 runs, 0 hits, 0 errors, 0 left on base; Philadelphia 4 - Cincinnati 0 |
| TOP OF THE 3RD |
|
Philadelphia Phillies batting - Pitching for Cincinnati Reds : RHP Timmy John Aaron-Lee Frank Silveira
|
|
Batting: SHB Lance Franklin
|
0-0: Ball 1-0: Foul Ball, location: 2F 1-1: Ball 2-1: Swinging Strike 2-2: Ball 3-2: Foul Ball, location: 2F 3-2: Ground out 4-3 (Groundball, 4, EV 85.6 MPH)
|
|
Batting: LHB Brad Turner
|
0-0: Ball 1-0: Swinging Strike 1-1: Ball 2-1: Ground out 5-3 (Groundball, 56D, EV 85.6 MPH)
|
|
Batting: LHB Ryan Trombley
|
0-0: Ball 1-0: Called Strike 1-1: SINGLE (Line Drive, 78M, EV 95.0 MPH)
|
|
Batting: LHB Jose Carlos
|
0-0: 2-RUN HOME RUN (Line Drive, 9LD, EV 107.5 MPH), Distance : 390 ft
|
|
Pitching: LHP Ed Chavez
|
|
|
Batting: RHB Josh Hensley
|
0-0: Called Strike 0-1: Foul Ball, location: 2F 0-2: Ground out 1-3 (Groundball, 13, EV 73.1 MPH)
|
| Top of the 3rd over - 2 runs, 2 hits, 0 errors, 0 left on base; Philadelphia 6 - Cincinnati 0 |
| BOTTOM OF THE 3RD |
|
Cincinnati Reds batting - Pitching for Philadelphia Phillies : RHP Matt Evans
|
|
Batting: LHB Antonio Figueroa
|
0-0: Ball 1-0: Foul Ball, location: 2F 1-1: Ground out 4-3 (Groundball, 4, EV 107.5 MPH)
|
|
Batting: RHB Joseph Kirchmann
|
0-0: Ball 1-0: Ball 2-0: Foul Ball, location: 2F 2-1: Ground out U3 (Groundball, 13, EV 87.5 MPH)
|
|
Batting: RHB Takanibu Kaneshiro
|
0-0: Called Strike 0-1: Called Strike 0-2: Ball 1-2: Strikes out swinging
|
| Bottom of the 3rd over - 0 runs, 0 hits, 0 errors, 0 left on base; Philadelphia 6 - Cincinnati 0 |
| TOP OF THE 4TH |
|
Philadelphia Phillies batting - Pitching for Cincinnati Reds : LHP Ed Chavez
|
|
Pitching: RHP Robbie Delgado
|
|
|
Batting: SHB Phuck II
|
0-0: Ball 1-0: Called Strike 1-1: Ball 2-1: Swinging Strike 2-2: Ball 3-2: Base on Balls
|
|
Batting: LHB Cody Schumacher
|
0-0: Fielders Choice at 2nd, 1-6 (Groundball, 13S, EV 65.6 MPH)
|
|
Pinch Hitting: RHB Chris Myers
|
0-0: Ball 1-0: Swinging Strike 1-1: Ball 2-1: Ball 3-1: Foul Ball, location: 2F 3-2: Foul Ball, location: 2F 3-2: Ground out 6-3 (Groundball, 6, EV 90.6 MPH) Cody Schumacher to second
|
|
Pinch Hitting: RHB Moritake Fukumoto
|
0-0: Called Strike 0-1: Ball 1-1: Swinging Strike 1-2: Foul Ball, location: 2F 1-2: Fly out, F7 (Line Drive, 78M, EV 88.8 MPH)
|
| Top of the 4th over - 0 runs, 0 hits, 0 errors, 1 left on base; Philadelphia 6 - Cincinnati 0 |
| BOTTOM OF THE 4TH |
|
Cincinnati Reds batting - Pitching for Philadelphia Phillies : RHP Matt Evans
|
|
Now at 2B: Chris Myers
|
|
|
Now in LF: Moritake Fukumoto
|
|
|
Batting: RHB Willie Lazcano
|
0-0: Ground out 4-3 (Groundball, 4, EV 104.4 MPH)
|
|
Batting: RHB Steve Castleberry
|
0-0: Called Strike 0-1: Foul Ball, location: 2F 0-2: Strikes out swinging
|
|
Batting: LHB Chris Grunwald
|
0-0: Called Strike 0-1: Ball 1-1: Ball 2-1: Ground out 5-3 (Groundball, 6, EV 100.0 MPH)
|
| Bottom of the 4th over - 0 runs, 0 hits, 0 errors, 0 left on base; Philadelphia 6 - Cincinnati 0 |
| TOP OF THE 5TH |
|
Philadelphia Phillies batting - Pitching for Cincinnati Reds : RHP Robbie Delgado
|
|
Pitching: RHP Justin Ambrose
|
|
|
Now at 1B: Mike Alm
|
|
|
Batting: SHB Lance Franklin
|
0-0: Ball 1-0: Ball 2-0: Ball 3-0: SOLO HOME RUN (Line Drive, 78XD, EV 115.0 MPH), Distance : 458 ft
|
|
Batting: LHB Brad Turner
|
0-0: Called Strike 0-1: Ball 1-1: Swinging Strike 1-2: Fly out, F9 (Line Drive, 9LM, EV 86.9 MPH)
|
|
Pinch Hitting: LHB Mike Davis
|
0-0: Fly out, F1 (Line Drive, P, EV 68.8 MPH)
|
|
Batting: LHB Jose Carlos
|
0-0: SINGLE (Groundball, 25, EV 68.1 MPH) (infield hit)
|
|
Batting: RHB Josh Hensley
|
0-0: Ball 1-0: Fly out, F9 (Line Drive, 89M, EV 101.2 MPH)
|
| Top of the 5th over - 1 run, 2 hits, 0 errors, 1 left on base; Philadelphia 7 - Cincinnati 0 |
| BOTTOM OF THE 5TH |
|
Cincinnati Reds batting - Pitching for Philadelphia Phillies : RHP Matt Evans
|
|
Now at 1B: Quintin Parker
|
|
|
Now at 3B: Guan-pei Gao
|
|
|
Now at SS: Benjamin Brown
|
|
|
Now in RF: Mike Davis
|
|
|
Batting: SHB Dave Barefoot
|
0-0: Ground out 1-3 (Groundball, 15S, EV 69.4 MPH)
|
|
Batting: SHB Saulo Maina
|
0-0: Fly out, F9 (Flyball, 9, EV 93.1 MPH)
|
|
Batting: RHB Fred Slade
|
0-0: Called Strike 0-1: Ball 1-1: Ball 2-1: Ground out 1-3 (Groundball, 15, EV 67.5 MPH)
|
| Bottom of the 5th over - 0 runs, 0 hits, 0 errors, 0 left on base; Philadelphia 7 - Cincinnati 0 |
| TOP OF THE 6TH |
|
Philadelphia Phillies batting - Pitching for Cincinnati Reds : RHP Justin Ambrose
|
|
Pitching: RHP Pedro Torres
|
|
|
Now at 3B: Omar Quintana
|
|
|
Now in LF: Bruno André
|
|
|
Batting: RHB Quintin Parker
|
0-0: Ball 1-0: Swinging Strike 1-1: Ball 2-1: Called Strike 2-2: Ball 3-2: Ground out U3 (Groundball, 3S, EV 65.0 MPH)
|
|
Pinch Hitting: LHB Chris Moody
|
0-0: Swinging Strike 0-1: Foul Ball, location: 2F 0-2: Strikes out swinging
|
|
Batting: RHB Chris Myers
|
0-0: Ball 1-0: Ground out 6-3 (Groundball, 6, EV 84.4 MPH)
|
| Top of the 6th over - 0 runs, 0 hits, 0 errors, 0 left on base; Philadelphia 7 - Cincinnati 0 |
| BOTTOM OF THE 6TH |
|
Cincinnati Reds batting - Pitching for Philadelphia Phillies : RHP Matt Evans
|
|
Now in CF: Chris Moody
|
|
|
Batting: LHB Antonio Figueroa
|
0-0: Foul Ball, location: 2F 0-1: SINGLE (Groundball, 3S, EV 69.4 MPH) (infield hit)
|
|
Batting: RHB Joseph Kirchmann
|
0-0: Called Strike 0-1: Called Strike 0-2: Strikes out swinging
|
|
Batting: RHB Takanibu Kaneshiro
|
0-0: Ball Antonio Figueroa steals 2nd base 1-0: Ball 2-0: Fly out, F7 (Flyball, 7, EV 90.6 MPH)
|
|
Batting: RHB Omar Quintana
|
0-0: 2-RUN HOME RUN (Flyball, 7D, EV 98.1 MPH), Distance : 403 ft
|
|
Pinch Hitting: LHB Ricky Ayon
|
0-0: Called Strike 0-1: Ball 1-1: Ball 2-1: Foul Ball, location: 2F 2-2: Ball 3-2: Strikes out looking
|
| Bottom of the 6th over - 2 runs, 2 hits, 0 errors, 0 left on base; Philadelphia 7 - Cincinnati 2 |
| TOP OF THE 7TH |
|
Philadelphia Phillies batting - Pitching for Cincinnati Reds : RHP Pedro Torres
|
|
Pitching: RHP Ryan Terlizzi
|
|
|
Now in LF: Ricky Ayon
|
|
|
Now in RF: Bruno André
|
|
|
Batting: RHB Moritake Fukumoto
|
0-0: Called Strike 0-1: Ball 1-1: Ball 2-1: Ball 3-1: Fly out, F8 (Flyball, 8RD, EV 101.2 MPH)
|
|
Batting: RHB Guan-pei Gao
|
0-0: Called Strike 0-1: Ball 1-1: Ball 2-1: Called Strike 2-2: Strikes out swinging
|
|
Batting: LHB Nick Canizales
|
0-0: Called Strike 0-1: Swinging Strike 0-2: Strikes out swinging, 2-3 out at first.
|
| Top of the 7th over - 0 runs, 0 hits, 0 errors, 0 left on base; Philadelphia 7 - Cincinnati 2 |
| BOTTOM OF THE 7TH |
|
Cincinnati Reds batting - Pitching for Philadelphia Phillies : RHP Matt Evans
|
|
Batting: RHB Mike Alm
|
0-0: Ball 1-0: Ball 2-0: Ball 3-0: Called Strike 3-1: Foul Ball, location: 2F 3-2: Strikes out looking
|
|
Pinch Hitting: SHB Jun Tsuda
|
0-0: Fly out, F9 (Flyball, 9, EV 93.8 MPH)
|
|
Batting: SHB Saulo Maina
|
0-0: Ball 1-0: Ball 2-0: Ground out 6-3 (Groundball, 4, EV 80.0 MPH)
|
| Bottom of the 7th over - 0 runs, 0 hits, 0 errors, 0 left on base; Philadelphia 7 - Cincinnati 2 |
| TOP OF THE 8TH |
|
Philadelphia Phillies batting - Pitching for Cincinnati Reds : RHP Ryan Terlizzi
|
|
Pitching: LHP Brad Jonas
|
|
|
Now at 2B: Saulo Maina
|
|
|
Now at SS: Jun Tsuda
|
|
|
Batting: LHB Mike Davis
|
0-0: Ball 1-0: Ball 2-0: Ball 3-0: Called Strike 3-1: Base on Balls
|
|
Batting: LHB Jose Carlos
|
0-0: Called Strike 0-1: Swinging Strike 0-2: Strikes out looking
|
|
Batting: SHB Benjamin Brown
|
0-0: Ground out 6-3 (Groundball, P, EV 79.4 MPH) Mike Davis to second
|
|
Batting: RHB Quintin Parker
|
0-0: Ball 1-0: Ball 2-0: Foul Ball, location: 2F 2-1: Ball 3-1: Base on Balls
|
|
Batting: LHB Chris Moody
|
0-0: Ball 1-0: Foul Ball, location: 2F 1-1: Foul Ball, location: 2F 1-2: Ball 2-2: Foul Ball, location: 2F 2-2: Foul Ball, location: 2F 2-2: Strikes out looking
|
| Top of the 8th over - 0 runs, 0 hits, 0 errors, 2 left on base; Philadelphia 7 - Cincinnati 2 |
| BOTTOM OF THE 8TH |
|
Cincinnati Reds batting - Pitching for Philadelphia Phillies : RHP Matt Evans
|
|
Pitching: RHP Marcos Tapia
|
|
|
Batting: RHB Bruno André
|
0-0: Ball 1-0: Fly out, F9 (Flyball, 9D, EV 100.0 MPH)
|
|
Batting: LHB Antonio Figueroa
|
0-0: SINGLE (Line Drive, 6M, EV 101.2 MPH)
|
|
Batting: RHB Joseph Kirchmann
|
0-0: Called Strike 0-1: Swinging Strike 0-2: Ball 1-2: Strikes out swinging
|
|
Batting: RHB Takanibu Kaneshiro
|
0-0: Called Strike 0-1: Ball 1-1: Ball 2-1: Fly out, F8 (Line Drive, 8RM, EV 101.2 MPH)
|
| Bottom of the 8th over - 0 runs, 1 hit, 0 errors, 1 left on base; Philadelphia 7 - Cincinnati 2 |
| TOP OF THE 9TH |
|
Philadelphia Phillies batting - Pitching for Cincinnati Reds : LHP Brad Jonas
|
|
Pitching: RHP Constantino Chamisso
|
|
|
Pinch Hitting: LHB Jim Beaver
|
0-0: Called Strike 0-1: Foul Ball, location: 2F 0-2: Ball 1-2: Fly out, F5 (Line Drive, 5D, EV 67.5 MPH)
|
|
Pinch Hitting: LHB Danny Hill
|
0-0: Called Strike 0-1: Ball 1-1: Ball 2-1: Ball 3-1: Called Strike 3-2: Strikes out swinging
|
|
Batting: RHB Guan-pei Gao
|
0-0: Foul Ball, location: 2F 0-1: Swinging Strike 0-2: Foul Ball, location: 2F 0-2: Ball 1-2: Strikes out looking
|
| Top of the 9th over - 0 runs, 0 hits, 0 errors, 0 left on base; Philadelphia 7 - Cincinnati 2 |
| BOTTOM OF THE 9TH |
|
Cincinnati Reds batting - Pitching for Philadelphia Phillies : RHP Marcos Tapia
|
|
Pitching: RHP Jeremy Mitchem
|
|
|
Now at 2B: Jim Beaver
|
|
|
Now in LF: Danny Hill
|
|
|
Batting: RHB Omar Quintana
|
0-0: Ball 1-0: Ball 2-0: Foul Ball, location: 2F 2-1: Ground out 4-3 (Groundball, 4, EV 87.5 MPH)
|
|
Batting: LHB Ricky Ayon
|
0-0: Ball 1-0: Swinging Strike 1-1: Foul Ball, location: 2F 1-2: Strikes out swinging
|
|
Batting: RHB Mike Alm
|
0-0: Ball 1-0: Ball 2-0: Called Strike 2-1: Ball 3-1: Base on Balls
|
|
Batting: SHB Jun Tsuda
|
0-0: Ball 1-0: Ball 2-0: Foul Ball, location: 2F 2-1: Foul Ball, location: 2F 2-2: Ball 3-2: Base on Balls Mike Alm to second
|
|
Batting: SHB Saulo Maina
|
0-0: Foul Ball, location: 2F 0-1: 3-RUN HOME RUN (Flyball, 8RXD, EV 117.5 MPH), Distance : 488 ft
|
|
Pitching: RHP Ken Tetzlaff
|
|
|
Batting: RHB Bruno André
|
0-0: Called Strike 0-1: Ball 1-1: Called Strike 1-2: Ball 2-2: Foul Ball, location: 2F 2-2: Ball 3-2: Foul Ball, location: 2F 3-2: Strikes out swinging
|
| Bottom of the 9th over - 3 runs, 1 hit, 0 errors, 0 left on base; Philadelphia 7 - Cincinnati 5 |
|